 Dungeon Crawl Stone Soup version 0.23.2-1-ga50397a6bc (webtiles) character file.

Game seed: 1607213940986342806

81 Jabberih the Grave Robber (level 4, -1/33 HPs)
             Began as a Hill Orc Necromancer on May 16, 2019.
             Succumbed to an orc's poison
             ... on level 3 of the Dungeon.
             The game lasted 00:07:18 (2099 turns).

Jabberih the Grave Robber (Hill Orc Necromancer)    Turns: 2099, Time: 00:07:19

Health: -1/33      AC: 10    Str: 10    XL:     4   Next: 40%
Magic:  1/6        EV: 10    Int: 16    God:
Gold:   60         SH:  0    Dex: 11    Spells: 1/6 levels left

rFire    . . .     SeeInvis .   m - +1 short sword (drain)
rCold    . . .     Gourm    .   (no shield)
rNeg     . . .     Faith    .   i - +0 ring mail
rPois    +         Spirit   .   (no helmet)
rElec    .         Reflect  .   (no cloak)
rCorr    .         Harm     .   (no gloves)
MR       .....                  (no boots)
Stlth    +.........             (no amulet)
HPRegen  0.11/turn              g - +3 ring of protection
MPRegen  0.10/turn              (no ring)

@: lethally poisoned (-1 -> -21), very slightly contaminated, lightly drained
A: icy blue scales 1, poison resistance
a: no special abilities


You were on level 3 of the Dungeon.
You were not hungry.

You visited 1 branch of the dungeon, and saw 3 of its levels.

You collected 60 gold pieces.

Inventory:

Hand Weapons
 b - a +0 dagger
 e - a +0 whip
 h - a +0 short sword
 m - a +1 short sword of draining (weapon)
Missiles
 f - 8 tomahawks (quivered)
Armour
 a - a +0 robe
 i - a +0 ring mail (worn)
 l - a +0 buckler of poison resistance
Jewellery
 g - a +3 ring of protection (left hand)
 n - an uncursed amulet of the gourmand {unknown}
Scrolls
 j - 3 scrolls of immolation {unknown}
 k - 2 scrolls of identify
 o - a scroll of remove curse {unknown}
Comestibles
 c - 6 rations


   Skills:
 - Level 1.5(1.3) Dodging
 - Level 1.5(1.3) Stealth
 - Level 1.5(1.3) Spellcasting
 + Level 5.7(5.5) Necromancy


You had one spell level left.
You knew the following spells:

 Your Spells              Type           Power        Failure   Level  Hunger
a - Pain                  Necr           ###.         6%          1    ##.....
b - Animate Skeleton      Necr           N/A          6%          1    ##.....
c - Vampiric Draining     Necr           ###.......   19%         3    ####...

Your spell library contained the following spells:

 Spells                   Type           Power        Failure   Level  Hunger
 Regeneration             Chrm/Necr      #.........   50%         3    ####...
 Animate Dead             Necr           N/A          52%         4    #####..


Dungeon Overview and Level Annotations

Branches:
Dungeon (3/15)

Altars:
Nemelex Xobeh
The Shining One


Innate Abilities, Weirdness & Mutations

You are partially covered in icy blue scales. (AC +2)
Your system is resistant to poisons. (rPois)


Message History

The orc hits you with a +1 short sword of venom.
* * * LOW HITPOINT WARNING * * *
You are more poisoned.
You hit the orc but do no damage. You drain the orc.
You kill the orc!
* * * LOW HITPOINT WARNING * * *
You feel very sick.
* * * LOW HITPOINT WARNING * * *
You feel sick.
Found a mace.
* * * LOW HITPOINT WARNING * * *
You feel sick.
It was a potion of mutation.
You feel extremely strange.
You feel resistant to poisons.
Icy blue scales grow over part of your body.
* * * LOW HITPOINT WARNING * * *
You feel sick.
You aren't carrying any potions.
Unknown command.
You die...

#..... #. #..... .. #.
#..... #### .# #.###.....
... .######.#(...... #. #..
... ...#....###
##..##.###.######.#....###
...)......................
#. #>..@...........<....
####.. #.###.######..##.....
......##)###.........######.
.............##......#...##.
###.......#.##......(......
#.......###.##..........##
#.#..##.....##.(........# #
#.. #.................# #.
#.................#


There were no monsters in sight!

Vanquished Creatures
  A gnoll (D:3)
  An adder (D:2)
  A dart slug (D:2)
  2 leopard geckos (D:2)
  4 orcs (D:3)
  11 bats
  5 giant cockroaches
  3 goblins
  3 hobgoblins
  2 jackals (D:3)
  11 kobolds
  A quokka (D:2)
  A ball python (D:2)
  2 frilled lizards
  3 rats
51 creatures vanquished.

Vanquished Creatures (collateral kills)
  A giant cockroach (D:2)
1 creature vanquished.

Grand Total: 52 creatures vanquished

Notes
Turn   | Place    | Note
-------+----------+-------------------------------------------
     0 | D:1      | Jabberih the Hill Orc Necromancer began the quest for the
                  | Orb.
     0 | D:1      | Reached XP level 1. HP: 14/14 MP: 3/3
    97 | D:1      | Learned a level 1 spell: Animate Skeleton
   487 | D:1      | Reached XP level 2. HP: 19/20 MP: 2/4
  1106 | D:2      | Reached XP level 3. HP: 24/26 MP: 1/5
  1278 | D:2      | Reached skill level 5 in Necromancy
  1290 | D:2      | Learned a level 3 spell: Vampiric Draining
  1415 | D:2      | Found a sparkling altar of Nemelex Xobeh.
  1608 | D:2      | Found a glowing golden altar of the Shining One.
  1941 | D:3      | Reached XP level 4. HP: 30/33 MP: 2/6
  2098 | D:3      | Gained mutation: Your system is resistant to poisons.
                  | (rPois) [potion of mutation]
  2098 | D:3      | Gained mutation: You are partially covered in icy blue
                  | scales. (AC +2) [potion of mutation]
  2098 | D:3      | HP: 1/33 [poisoned by an orc]
  2099 | D:3      | Succumbed to an orc's poison

Skill      XL: |  1  2  3 |
---------------+----------+-----
Necromancy     | 5 |  5.7
Dodging        | |  1.5
Stealth        | |  1.5
Spellcasting   | |  1.5

Action                   |  1- 3 |  4- 6 || total
-------------------------+-------+-------++-------
Melee: Unarmed           |    15 |       ||    15
       Short sword       |    58 |    28 ||    86
       Whip              |     1 |       ||     1
 Cast: Pain              |    54 |     5 ||    59
       Animate Skeleton  |     7 |     2 ||     9
       Vampiric Draining |       |     1 ||     1
  Use: Scroll            |     3 |       ||     3
       Potion            |       |     1 ||     1
 Stab: Distracted        |       |     1 ||     1
  Eat: Chunk             |     4 |     2 ||     6
Armor: Robe              |     3 |       ||     3
       Ring mail         |    36 |    10 ||    46
Dodge: Dodged            |    82 |    16 ||    98
